[Event "Monday 16 April Rapid Engine Tour 12+1 Rounds 9 Starts 1600ST"]
[Site "Infinity Chess"]
[Date "2018.4.16"]
[Round "8"]
[White "CrapCleaner"]
[Black "KQRBNP"]
[Result "1-0"]
[ECO "C55"]
[WhiteElo "2466"]
[BlackElo "2397"]
[WhiteEngine "asmFishW_9_bmi2_CTG"]
[BlackEngine "Eman 1.70-beta21 64-bit POPCNT"]
[EventType "Swiss"]
[WhiteTeam ""]
[BlackTeam ""]
[PlyCount "165"]
[TimeControl "720+1"]

1. e4 e5 2. Nf3 Nc6 3. Bc4 Nf6 4. d3 h6 5. O-O d6 6. c3 g5 7. Nbd2 Bg7 
8. Bb3 O-O 9. h3 Re8 10. Re1 d5 11. exd5 Nxd5 12. d4 Bf5 13. Nxe5 Nxe5 
14. dxe5 Nf4 15. Qf3 Qd3 16. Re3 Qa6 17. Bc4 Qb6 18. Nb3 Bxe5 19. Re1 Qc6 
20. Qxc6 bxc6 21. Be3 Be4 22. Bf1 a5 23. a4 Kg7 24. Bd4 Bxd4 25. Nxd4 Rab8 
26. b4 c5 27. Nb5 cxb4 28. cxb4 Bd3 29. Rxe8 Rxe8 30. bxa5 Ra8 31. Nxc7 Rxa5 
32. Ne8+ Kf8 33. Nd6 Ke7 34. Bxd3 Kxd6 35. Bc4 f5 36. Kh2 Ke5 37. g3 Nd5 
38. Kg2 Nc3 39. Bb3 Kd4 40. Bc2 Ke5 41. Kf3 Kd4 42. Re1 Rc5 43. Kg2 h5 44. h4 g4 
45. Re8 Ne4 46. Bxe4 fxe4 47. Rd8+ Ke5 48. Rd2 Ra5 49. Ra2 Kd6 50. Kf1 e3 
51. fxe3 Kd5 52. Ke2 Ke4 53. Ra3 Rc5 54. Kd2 Rc6 55. a5 Ra6 56. Kc2 Rc6+ 
57. Kb1 Ra6 58. Kb2 Kd5 59. Kc3 Kc6 60. e4 Kc7 61. e5 Kb7 62. Kc4 Kc8 
63. Kd5 Kc7 64. e6 Kd8 65. Kc4 Kc7 66. Re3 Kd8 67. Kb5 Ra8 68. e7+ Ke8 
69. a6 Rb8+ 70. Ka5 Ra8 71. Re4 Kd7 72. e8=Q+ Rxe8 73. Rxe8 Kxe8 74. a7 Kf7 
75. Kb6 Kf6 76. a8=Q Ke5 77. Kc5 Kf6 78. Qd5 Kg6 79. Kd6 Kh6 80. Ke7 Kg6 
81. Qg5+ Kh7 82. Kf8 Kh8 83. Qg7# 1-0

[Event "Monday 16 April Rapid Engine Tour 12+1 Rounds 9 Starts 1600ST"]
[Site "Infinity Chess"]
[Date "2018.4.16"]
[Round "8"]
[White "Thinker"]
[Black "MarioDeMonti"]
[Result "1/2-1/2"]
[ECO "C55"]
[WhiteElo "2432"]
[BlackElo "2442"]
[WhiteEngine "BrainFish_180411_x64_modern_CTG"]
[BlackEngine "stockfish_x64_bmi2_2018_02_18_CTG"]
[EventType "Swiss"]
[WhiteTeam ""]
[BlackTeam ""]
[PlyCount "113"]
[TimeControl "720+1"]

1. e4 e5 2. Nf3 Nc6 3. Bc4 Nf6 4. d3 Bc5 5. c3 d6 6. O-O O-O 7. h3 a5 8. Nbd2 h6 
9. Re1 Be6 10. b3 Bb6 11. a4 d5 12. Bb5 Ne7 13. exd5 Nfxd5 14. Qc2 c6 
15. Bc4 Ng6 16. d4 Ndf4 17. dxe5 Nh4 18. Bf1 Bd5 19. Re4 Nfg6 20. Bc4 Bxe4 
21. Qxe4 Nxf3+ 22. Nxf3 Qd1+ 23. Kh2 Kh8 24. Bb2 f5 25. Qxc6 bxc6 26. Rxd1 Rfd8 
27. Re1 Bxf2 28. Rf1 Bb6 29. Kh1 Ne7 30. Bc1 Bc5 31. g3 Nd5 32. Nd4 Bxd4 
33. cxd4 Nb4 34. Bb2 g6 35. g4 Rf8 36. gxf5 Rxf5 37. Rxf5 gxf5 38. Kg1 Nd5 
39. Bc1 f4 40. Kf2 Kh7 41. Kf3 Kg6 42. Bd3+ Kf7 43. Bxf4 Nxf4 44. Kxf4 Ke7 
45. Bc4 Rf8+ 46. Ke3 Ke8 47. h4 Ke7 48. h5 Rf5 49. Be2 Rg5 50. Ke4 Rg3 
51. Bf3 Rg1 52. Kf4 Kd7 53. Bg4+ Kc7 54. Be2 Kd7 55. Bg4+ Ke7 56. Bf3 Kd7 
57. Bg4+ 1/2-1/2

[Event "Monday 16 April Rapid Engine Tour 12+1 Rounds 9 Starts 1600ST"]
[Site "Infinity Chess"]
[Date "2018.4.16"]
[Round "8"]
[White "Marsell"]
[Black "KhalidOmar"]
[Result "1/2-1/2"]
[ECO "B90"]
[WhiteElo "2455"]
[BlackElo "2449"]
[WhiteEngine "BrainFish_180408_x64_bmi2"]
[BlackEngine "Eman 1.70-beta21 64-bit BMI2"]
[EventType "Swiss"]
[WhiteTeam ""]
[BlackTeam ""]
[PlyCount "75"]
[TimeControl "720+1"]

1. e4 c5 2. Nf3 d6 3. d4 cxd4 4. Nxd4 Nf6 5. Nc3 a6 6. Be3 e5 7. Nb3 Be6 
8. f3 Be7 9. Qd2 Nbd7 10. g4 O-O 11. O-O-O b5 12. g5 Nh5 13. Nd5 Bxd5 
14. exd5 f6 15. gxf6 Bxf6 16. Na5 Qe8 17. Bh3 Nf4 18. Bxf4 exf4 19. Rhe1 Ne5 
20. Re4 Kh8 21. Qe2 Qh5 22. Be6 g6 23. h3 Qg5 24. Kb1 Bd8 25. Nc6 Nc4 
26. Nxd8 Raxd8 27. Qf2 Ne3 28. Rd2 Rb8 29. a3 Rb7 30. h4 Qh6 31. c3 Rc7 
32. Rdd4 Rc4 33. Rxc4 bxc4 34. Qh2 Nf1 35. Qc2 Ne3 36. Qh2 Nf1 37. Qg2 Ne3 
38. Qh2 1/2-1/2

[Event "Monday 16 April Rapid Engine Tour 12+1 Rounds 9 Starts 1600ST"]
[Site "Infinity Chess"]
[Date "2018.4.16"]
[Round "8"]
[White "Deep_Impact"]
[Black "hafaba"]
[Result "1/2-1/2"]
[ECO "C50"]
[WhiteElo "2399"]
[BlackElo "2458"]
[WhiteEngine "asmFishW_2018-04-07_bmi2"]
[BlackEngine "Eman 1.70-beta21 64-bit POPCNT_CTG"]
[EventType "Swiss"]
[WhiteTeam ""]
[BlackTeam ""]
[PlyCount "138"]
[TimeControl "720+1"]

1. e4 e5 2. Nf3 Nc6 3. Bc4 Bc5 4. O-O Nf6 5. d3 d6 6. c3 a5 7. Bb3 O-O 8. Bg5 h6 
9. Bh4 g5 10. Bg3 g4 11. Nh4 Nh5 12. Kh1 Qg5 13. a4 Bd7 14. Na3 Kh8 15. Nc4 Rad8 
16. Qe2 Be6 17. Rae1 Ba7 18. Qd1 Kh7 19. Qc2 Bc5 20. Ne3 Bxe3 21. Rxe3 b6 
22. Ree1 Rde8 23. Bxe6 fxe6 24. Qb3 Nxg3+ 25. hxg3 Ne7 26. Qc4 c5 27. Qb5 Ng6 
28. Nxg6 Kxg6 29. f4 gxf3 30. Rxf3 Qd8 31. Ref1 Rxf3 32. Rxf3 Kg7 33. Qb3 Re7 
34. Kh2 Kg6 35. Rf1 Kg7 36. Kg1 Re8 37. Rf2 Re7 38. Qd1 Rf7 39. Rxf7+ Kxf7 
40. Qh5+ Kg7 41. Kh2 Qd7 42. Kh3 Qxa4 43. Qg4+ Kf6 44. Qh5 Ke7 45. Qxh6 c4 
46. Qg7+ Kd8 47. dxc4 Qxc4 48. Qf8+ Kd7 49. Qf7+ Kc6 50. Qf3 Qa2 51. g4 Qxb2 
52. g5 Qd2 53. Kg4 a4 54. g6 a3 55. g7 a2 56. g8=Q a1=Q 57. Qxe6 Qad1 
58. Qc8+ Kb5 59. Qd7+ Ka5 60. Qa7+ Kb5 61. Qd7+ Ka6 62. Qxd1 Qxd1+ 63. Kg5 Qd2+ 
64. Kf6 Qxc3 65. Qxd6 Qg3 66. Qxe5 Qxg2 67. Qf5 Qg8 68. e5 Qf8+ 69. Kg5 Qg7+ 
1/2-1/2

[Event "Monday 16 April Rapid Engine Tour 12+1 Rounds 9 Starts 1600ST"]
[Site "Infinity Chess"]
[Date "2018.4.16"]
[Round "8"]
[White "Eman"]
[Black "SkyPilot"]
[Result "1/2-1/2"]
[ECO "D70"]
[WhiteElo "2464"]
[BlackElo "2497"]
[WhiteEngine "Eman 1.70-beta21 64-bit POPCNT"]
[BlackEngine "stockfish_x64_bmi2_2018_04_07_CTG"]
[EventType "Swiss"]
[WhiteTeam ""]
[BlackTeam ""]
[PlyCount "105"]
[TimeControl "720+1"]

1. d4 Nf6 2. c4 g6 3. f3 c5 4. d5 d6 5. e4 Bg7 6. Nc3 O-O 7. Bg5 Nbd7 8. Be2 h6 
9. Be3 Nb6 10. a4 a5 11. Qc1 Kh7 12. Bd3 e6 13. Nge2 Nbd7 14. Ng3 b6 
15. O-O exd5 16. cxd5 Ne5 17. Be2 c4 18. Nb5 Ba6 19. f4 Nd3 20. Qxc4 Nc5 
21. Bxc5 bxc5 22. Rae1 Bxb5 23. axb5 Nd7 24. e5 Nb6 25. Qc1 a4 26. Bg4 dxe5 
27. f5 Qxd5 28. Bf3 Qd4+ 29. Kh1 Rad8 30. Re4 Qd3 31. Qxc5 Nd7 32. Qb4 Nb6 
33. Qc5 Nd7 34. Qc4 Nf6 35. Qxd3 Rxd3 36. Rxa4 Rb3 37. Bc6 h5 38. Re1 Rxb2 
39. fxg6+ fxg6 40. h3 Kh6 41. Rd1 Rf7 42. Rc1 Rf8 43. Rd1 Rf7 44. Ra6 h4 
45. Ne4 Nxe4 46. Bxe4 Rf6 47. Rxf6 Bxf6 48. Rd6 Rb4 49. Bd3 Kg7 50. Rd7+ Kh6 
51. Rd6 Kg7 52. Rd7+ Kh6 53. Rd6 1/2-1/2

[Event "Monday 16 April Rapid Engine Tour 12+1 Rounds 9 Starts 1600ST"]
[Site "Infinity Chess"]
[Date "2018.4.16"]
[Round "8"]
[White "Murx"]
[Black "HerzsjeMZ"]
[Result "1/2-1/2"]
[ECO "D31"]
[WhiteElo "2513"]
[BlackElo "2461"]
[WhiteEngine "asmFishW_2018-04-07_popcnt"]
[BlackEngine "S_XPrO.020418.64.POPCNT"]
[EventType "Swiss"]
[WhiteTeam ""]
[BlackTeam ""]
[PlyCount "91"]
[TimeControl "720+1"]

1. d4 d5 2. c4 e6 3. Nc3 c6 4. Nf3 Nf6 5. Bg5 h6 6. Bxf6 Qxf6 7. e3 Nd7 
8. Bd3 dxc4 9. Bxc4 g6 10. Qc2 Bg7 11. Rd1 Qe7 12. O-O O-O 13. Be2 b6 
14. Qa4 Bb7 15. Ba6 Bxa6 16. Qxa6 c5 17. a3 Rfd8 18. Rfe1 h5 19. h3 Qd6 
20. Rc1 Qe7 21. Qb7 Rdb8 22. Qc7 Rc8 23. Qf4 Nf6 24. Ne5 Nd5 25. Qe4 Nxc3 
26. Rxc3 Rd8 27. Rec1 Rd5 28. f4 Re8 29. b4 Bxe5 30. fxe5 cxd4 31. exd4 Red8 
32. Rd3 a5 33. bxa5 Rxa5 34. Qe3 Rda8 35. Rcc3 Qd8 36. Kh2 Rd5 37. Qh6 Rxd4 
38. Rg3 Qf8 39. Qxh5 Rxa3 40. Rxg6+ fxg6 41. Qxg6+ Kh8 42. Qh5+ Kg8 43. Qg5+ Kh8 
44. Qh5+ Kg8 45. Qg5+ Kh8 46. Qh5+ 1/2-1/2

[Event "Monday 16 April Rapid Engine Tour 12+1 Rounds 9 Starts 1600ST"]
[Site "Infinity Chess"]
[Date "2018.4.16"]
[Round "8"]
[White "Longin"]
[Black "RonWeasley"]
[Result "1/2-1/2"]
[ECO "C11"]
[WhiteElo "2463"]
[BlackElo "2468"]
[WhiteEngine "Raubfisch ME262_GTZ17b_CTG"]
[BlackEngine "BrainFish 090218_CTG"]
[EventType "Swiss"]
[WhiteTeam ""]
[BlackTeam ""]
[PlyCount "120"]
[TimeControl "720+1"]

1. e4 e6 2. d4 d5 3. Nc3 Nf6 4. e5 Nfd7 5. f4 c5 6. Nf3 Nc6 7. Be3 cxd4 
8. Nxd4 Qb6 9. Qd2 Qxb2 10. Rb1 Qa3 11. Bb5 Nxd4 12. Bxd4 a6 13. Bxd7+ Bxd7 
14. Rb3 Qe7 15. Rxb7 Rc8 16. O-O Qd8 17. f5 exf5 18. Qd3 Bc5 19. Bxc5 Rxc5 
20. Nxd5 Bc8 21. Re7+ Kf8 22. Qa3 Qa5 23. Qxa5 Rxa5 24. Rc7 Be6 25. Nf4 Rxe5 
26. Nxe6+ Rxe6 27. Rxf5 Re7 28. Rc8+ Re8 29. Rc7 Re7 30. Rc8+ Re8 31. Rfc5 Ke7 
32. R8c6 g6 33. a4 Ra8 34. Rc7+ Kf6 35. Rc4 Rhf8 36. h4 Kg7 37. Kh2 a5 
38. Kg3 Rad8 39. Rf4 Kh6 40. Rfxf7 Rxf7 41. Rxf7 Rc8 42. Rf4 Rxc2 43. Rd4 Ra2 
44. Rf4 Ra3+ 45. Kg4 Ra2 46. g3 Ra3 47. Kh3 g5 48. Rd4 gxh4 49. Kxh4 Kg6 
50. Rf4 h6 51. g4 Ra1 52. Rd4 Rh1+ 53. Kg3 Rg1+ 54. Kf2 Ra1 55. Rd6+ Kg5 
56. Rd4 h5 57. gxh5 Kxh5 58. Rd5+ Kg4 59. Rxa5 Kf4 60. Rh5 Ra2+ 1/2-1/2

[Event "Monday 16 April Rapid Engine Tour 12+1 Rounds 9 Starts 1600ST"]
[Site "Infinity Chess"]
[Date "2018.4.16"]
[Round "8"]
[White "xeonrocks"]
[Black "star99"]
[Result "1/2-1/2"]
[ECO "C50"]
[WhiteElo "2551"]
[BlackElo "2434"]
[WhiteEngine "Stockfish_x64_bmi2_CTG"]
[BlackEngine "Cryptic Heroes 9.4B"]
[EventType "Swiss"]
[WhiteTeam ""]
[BlackTeam ""]
[PlyCount "108"]
[TimeControl "720+1"]

1. e4 e5 2. Nf3 Nc6 3. Bc4 Bc5 4. O-O d6 5. d3 Nf6 6. c3 O-O 7. Re1 a6 8. h3 b5 
9. Bb3 Ba7 10. Nbd2 h6 11. Nf1 Na5 12. Bc2 c5 13. Ne3 Kh8 14. Nh2 Be6 
15. Nhg4 Rb8 16. Nf5 Bb6 17. Re3 Nc6 18. Rf3 Nh7 19. Nge3 Ne7 20. a4 Ng8 
21. Nf1 Qd7 22. N1g3 d5 23. exd5 Bxd5 24. Re3 Bc7 25. axb5 axb5 26. Re1 Nhf6 
27. Be3 Qc6 28. Ne4 Rfd8 29. Qe2 Ra8 30. Rxa8 Rxa8 31. Nxf6 Qxf6 32. c4 Bb7 
33. Ng3 Qb6 34. cxb5 Qxb5 35. Rc1 Nf6 36. Bd1 Nd5 37. Rxc5 Qd7 38. Qg4 Qd6 
39. Nf5 Qf6 40. Rc1 g6 41. Nxh6 Nxe3 42. Qd7 Nxd1 43. Nxf7+ Kg7 44. Nd8+ Kh6 
45. Nf7+ Kg7 46. Ng5+ Kg8 47. Qh7+ Kf8 48. Qh4 Ke8 49. Rxc7 Ra1 50. Rxb7 Ne3+ 
51. Kh2 Nf1+ 52. Kg1 Ne3+ 53. Kh2 Nf1+ 54. Kg1 Ne3+ 1/2-1/2

[Event "Monday 16 April Rapid Engine Tour 12+1 Rounds 9 Starts 1600ST"]
[Site "Infinity Chess"]
[Date "2018.4.16"]
[Round "8"]
[White "Seliga"]
[Black "ocirema"]
[Result "1/2-1/2"]
[ECO "E10"]
[WhiteElo "2487"]
[BlackElo "2484"]
[WhiteEngine "SF9 ''A5''_CTG"]
[BlackEngine "asmFishW_2018-04-11_popcnt_CTG"]
[EventType "Swiss"]
[WhiteTeam ""]
[BlackTeam ""]
[PlyCount "118"]
[TimeControl "720+1"]

1. d4 Nf6 2. c4 e6 3. Nf3 d5 4. Nc3 c6 5. Bg5 h6 6. Bxf6 Qxf6 7. e3 Nd7 
8. Be2 g6 9. O-O Bg7 10. cxd5 exd5 11. b4 a6 12. Qb3 O-O 13. a4 Qd6 14. b5 a5 
15. Rfc1 Rd8 16. Rab1 Nf8 17. Qd1 Ne6 18. bxc6 bxc6 19. Rb6 Bd7 20. Rcb1 Qf8 
21. g3 Rdb8 22. Qb3 Rxb6 23. Qxb6 Qa3 24. Rb3 Qc1+ 25. Kg2 Qc2 26. Ne1 Qd2 
27. Nd3 h5 28. h3 Ng5 29. g4 Ne6 30. Qb7 Rd8 31. Qa7 hxg4 32. hxg4 c5 
33. Nxc5 Bxd4 34. exd4 Qxd4 35. Rb8 Rc8 36. Rxc8+ Bxc8 37. Qxa5 Nxc5 
38. Nb5 Qe4+ 39. Bf3 Qxa4 40. Qd8+ Kg7 41. Nd6 Bxg4 42. Qe7 Bxf3+ 43. Kxf3 Qd1+ 
44. Kg2 Qg4+ 45. Kf1 Qd1+ 46. Kg2 Qg4+ 47. Kf1 Ne6 48. Qxf7+ Kh8 49. Qf6+ Kh7 
50. Qf7+ Kh6 51. Qf6 Qd1+ 52. Kg2 Qg4+ 53. Kf1 Ng7 54. Nf7+ Kh7 55. f3 Qh3+ 
56. Kf2 Qg3+ 57. Kf1 Qh3+ 58. Kg1 Qg3+ 59. Kf1 Qh3+ 1/2-1/2

[Event "Monday 16 April Rapid Engine Tour 12+1 Rounds 9 Starts 1600ST"]
[Site "Infinity Chess"]
[Date "2018.4.16"]
[Round "8"]
[White "KRAKEN"]
[Black "Katzenmaier"]
[Result "1/2-1/2"]
[ECO "A81"]
[WhiteElo "2525"]
[BlackElo "2519"]
[WhiteEngine "Raubfisch X38b_CTG"]
[BlackEngine "Raubfisch X38a."]
[EventType "Swiss"]
[WhiteTeam ""]
[BlackTeam ""]
[PlyCount "143"]
[TimeControl "720+1"]

1. d4 f5 2. g3 Nf6 3. Bg2 g6 4. e3 Bg7 5. b3 d6 6. Nf3 O-O 7. Bb2 e6 8. O-O Qe7 
9. Nc3 a5 10. Nd2 Nc6 11. Qe2 Re8 12. Rfe1 Rb8 13. Rab1 Qd7 14. Nb5 b6 
15. c4 Bb7 16. Nc3 e5 17. d5 Nd8 18. f3 Qe7 19. f4 e4 20. Rbd1 c6 21. Bf1 c5 
22. Qg2 Nf7 23. Ndb1 Bc8 24. Be2 Bd7 25. h3 h5 26. Na3 Kh7 27. Nab5 Rb7 
28. Qf2 Rh8 29. Kg2 Ne8 30. Rb1 Bf6 31. Rg1 Nh6 32. Kh1 Kg8 33. Rg2 Nf7 
34. Qe1 Rh7 35. Qd2 g5 36. Na3 Nh8 37. Rf1 g4 38. h4 Ng6 39. Rh2 Nxh4 
40. gxh4 Bxh4 41. Rg1 Bf6 42. Kg2 h4 43. Kf2 Kf8 44. Ke1 Qg7 45. Bf1 Nc7 
46. Kd1 Ra7 47. Nab1 a4 48. bxa4 Bxa4+ 49. Nxa4 Rxa4 50. Bxf6 Qxf6 51. Qc1 b5 
52. Nc3 Ra5 53. cxb5 Na8 54. a3 Nb6 55. Rgh1 h3 56. Qb2 Kf7 57. Qb3 Kg6 
58. Bxh3 Qh8 59. Nxe4 fxe4 60. Qc2 Rxa3 61. Qxe4+ Kf7 62. Qe6+ Kf8 63. Bxg4 Rxh2 
64. Qxd6+ Ke8 65. Qc6+ Kf7 66. Be6+ Kf8 67. Qxc5+ Ke8 68. Qc6+ Ke7 69. Qb7+ Ke8 
70. Qc6+ Ke7 71. Qc5+ Ke8 72. Qc6+ 1/2-1/2

[Event "Monday 16 April Rapid Engine Tour 12+1 Rounds 9 Starts 1600ST"]
[Site "Infinity Chess"]
[Date "2018.4.16"]
[Round "7"]
[White "KQRBNP"]
[Black "MarioDeMonti"]
[Result "1/2-1/2"]
[ECO "A06"]
[WhiteElo "2395"]
[BlackElo "2444"]
[WhiteEngine "Eman 1.70-beta21 64-bit POPCNT"]
[BlackEngine "stockfish_x64_bmi2_2018_02_18_CTG"]
[EventType "Swiss"]
[WhiteTeam ""]
[BlackTeam ""]
[PlyCount "108"]
[TimeControl "720+1"]

1. Nf3 d5 2. d4 Nf6 3. Bf4 c5 4. dxc5 e6 5. e3 Bxc5 6. c4 Nc6 7. Nc3 O-O 
8. Be2 Qe7 9. cxd5 exd5 10. O-O Rd8 11. Na4 Bd6 12. Bxd6 Rxd6 13. Nc3 a6 
14. Rc1 Bf5 15. Qa4 Rad8 16. Nd4 Nxd4 17. Qxd4 Rc6 18. Qf4 Qe6 19. Rcd1 Be4 
20. Rd4 h6 21. h3 Re8 22. Rfd1 b5 23. Bf3 Bxf3 24. Qxf3 Rc5 25. a3 Qe5 
26. R1d3 Qc7 27. g4 Qc6 28. Qf5 g6 29. Qf4 g5 30. Qf5 Kg7 31. Kg2 Ng8 
32. Rd2 Ne7 33. Qe5+ Kg8 34. Qg3 Rc4 35. Kf1 Rd8 36. h4 Rd7 37. f4 Rxd4 
38. Rxd4 gxf4 39. Qxf4 Qe6 40. Kf2 Nc6 41. Rd1 Ne5 42. Rd4 Nc6 43. Rd1 Ne5 
44. Rd4 Kg7 45. Qf5 Qxf5+ 46. gxf5 Kf6 47. Nxd5+ Kxf5 48. e4+ Ke6 49. Rd1 f5 
50. Nf4+ Kf6 51. Nh5+ Kg6 52. Nf4+ Kf6 53. Nd5+ Ke6 54. Nf4+ Kf6 1/2-1/2

[Event "Monday 16 April Rapid Engine Tour 12+1 Rounds 9 Starts 1600ST"]
[Site "Infinity Chess"]
[Date "2018.4.16"]
[Round "7"]
[White "angriff"]
[Black "Thinker"]
[Result "1/2-1/2"]
[ECO "C53"]
[WhiteElo "2366"]
[BlackElo "2435"]
[WhiteEngine "DracoREX 3.07 64BIT POPCNT_CTG"]
[BlackEngine "BrainFish_180411_x64_modern_CTG"]
[EventType "Swiss"]
[WhiteTeam ""]
[BlackTeam ""]
[PlyCount "117"]
[TimeControl "720+1"]

1. e4 e5 2. Nf3 Nc6 3. Bc4 Bc5 4. c3 Nf6 5. d3 d6 6. O-O O-O 7. Bg5 h6 8. Bh4 a5 
9. a4 Be6 10. Nbd2 Qe7 11. Bb5 g5 12. Bg3 Nh5 13. Nc4 Bg4 14. Re1 Qf6 
15. Ne3 Bxf3 16. Qxf3 Qxf3 17. gxf3 Ne7 18. Bc4 Kh8 19. Rad1 f5 20. Nxf5 Nxf5 
21. exf5 Rxf5 22. d4 exd4 23. cxd4 Bb6 24. Re6 Nf4 25. Bxf4 Rxf4 26. Rxh6+ Kg7 
27. Re6 Rxf3 28. Re7+ Kh8 29. Bd5 Rf4 30. Rd3 g4 31. Rd2 Raf8 32. Kg2 Bxd4 
33. Rxc7 Rxf2+ 34. Rxf2 Rxf2+ 35. Kg3 Rxb2 36. Kxg4 Rxh2 37. Rxb7 Rh7 
38. Rb5 Kg7 39. Rxa5 Kf6 40. Rb5 Re7 41. a5 Re3 42. a6 Ra3 43. Rb7 Rxa6 
44. Rf7+ Kg6 45. Re7 Be5 46. Re6+ Kg7 47. Kg5 Ra1 48. Re7+ Kf8 49. Re6 Ra3 
50. Kf5 Ra6 51. Ke4 Ra7 52. Kf5 Ra6 53. Bb3 Ra5 54. Kg4 Ra3 55. Bd1 Kf7 
56. Kf5 Rh3 57. Be2 Rh4 58. Rxe5 dxe5 59. Kxe5 1/2-1/2

[Event "Monday 16 April Rapid Engine Tour 12+1 Rounds 9 Starts 1600ST"]
[Site "Infinity Chess"]
[Date "2018.4.16"]
[Round "7"]
[White "CrapCleaner"]
[Black "Deep_Impact"]
[Result "1/2-1/2"]
[ECO "C50"]
[WhiteElo "2469"]
[BlackElo "2396"]
[WhiteEngine "asmFishW_9_bmi2_CTG"]
[BlackEngine "asmFishW_2018-04-07_bmi2"]
[EventType "Swiss"]
[WhiteTeam ""]
[BlackTeam ""]
[PlyCount "156"]
[TimeControl "720+1"]

1. e4 e5 2. Nf3 Nc6 3. Bc4 Bc5 4. d3 Nf6 5. c3 d6 6. O-O O-O 7. h3 a6 8. Re1 h6 
9. a4 Ba7 10. Nbd2 Nh5 11. Nf1 Be6 12. Bd5 Qf6 13. Bxe6 fxe6 14. b4 Nf4 
15. Bxf4 Qxf4 16. Ra2 a5 17. b5 Ne7 18. N1h2 Qf7 19. Kh1 Rad8 20. Qb3 Bb6 
21. Rd2 Rde8 22. Ree2 Bc5 23. Rd1 Rc8 24. Rb2 Ng6 25. g3 Rfe8 26. Rc1 Bb6 
27. Kg2 Nf8 28. d4 exd4 29. cxd4 Nd7 30. Qd3 Rcd8 31. Ng4 e5 32. dxe5 Nxe5 
33. Ngxe5 dxe5 34. Qc3 Rd6 35. Rcc2 Kh7 36. Re2 Qe7 37. Nh4 Qe6 38. Nf5 Rd7 
39. Red2 Red8 40. Rxd7 Rxd7 41. Rc2 Rd1 42. h4 Rb1 43. Rd2 Rb4 44. Qc2 g6 
45. Ne3 c6 46. bxc6 bxc6 47. Qd3 Rd4 48. Qe2 Rxd2 49. Qxd2 Kg7 50. Qc3 Bd4 
51. Qc4 Qd7 52. Nf1 Qb7 53. Qe6 c5 54. f3 h5 55. Kh3 Qc7 56. g4 hxg4+ 
57. fxg4 c4 58. h5 c3 59. Qxg6+ Kh8 60. Qf6+ Kg8 61. Ng3 c2 62. Qg6+ Kf8 
63. Qf6+ Ke8 64. Qh8+ Kd7 65. Qh7+ Kc6 66. Qxc7+ Kxc7 67. Ne2 Be3 68. Kh4 Kb6 
69. g5 Kc5 70. h6 Kc4 71. Kg4 Kd3 72. Kf3 Bxg5 73. h7 Bf6 74. Nc1+ Kd4 
75. Nb3+ Kc3 76. Nc1 Kd4 77. Ne2+ Kd3 78. Nc1+ Kd4 1/2-1/2

[Event "Monday 16 April Rapid Engine Tour 12+1 Rounds 9 Starts 1600ST"]
[Site "Infinity Chess"]
[Date "2018.4.16"]
[Round "7"]
[White "Seliga"]
[Black "Mr Aj"]
[Result "1-0"]
[ECO "E10"]
[WhiteElo "2472"]
[BlackElo "2454"]
[WhiteEngine "SF9 ''A5''_CTG"]
[BlackEngine "Houdini 6_CTG"]
[EventType "Swiss"]
[WhiteTeam ""]
[BlackTeam ""]
[PlyCount "127"]
[TimeControl "720+1"]

1. d4 Nf6 2. c4 e6 3. Nf3 d5 4. Nc3 Bb4 5. cxd5 exd5 6. Bg5 O-O 7. e3 h6 
8. Bh4 Nbd7 9. Qc2 c5 10. Bd3 c4 11. Bf5 Qa5 12. O-O Re8 13. Rfb1 b6 
14. Nd2 Bxc3 15. bxc3 g5 16. Bg3 Nf8 17. h4 Bxf5 18. Qxf5 Nh5 19. Be5 Qxc3 
20. hxg5 Qxd2 21. gxh6 Qd3 22. Qxh5 Qg6 23. Qf3 Rad8 24. a4 Kh7 25. a5 bxa5 
26. Rb5 Ne6 27. Rbxa5 Ng5 28. Qf6 Rd7 29. Qxg6+ Kxg6 30. Ra6+ Ne6 31. f4 f6 
32. e4 dxe4 33. f5+ Kxf5 34. Rf1+ Kg4 35. Rxf6 Ng5 36. Ra3 Kh4 37. Bf4 Rg8 
38. Kf2 Rb7 39. Bc1 Re7 40. Rf4+ Kh5 41. Ra5 Rg6 42. g3 Kxh6 43. Rh4+ Kg7 
44. Bxg5 e3+ 45. Ke2 Rb7 46. Bf4 Rgb6 47. Kxe3 Rb1 48. d5 c3 49. Kd3 c2 
50. Kxc2 R1b2+ 51. Kc3 R2b3+ 52. Kc4 R3b4+ 53. Kc5 Rb1 54. d6 Re1 55. Kc6 Rb6+ 
56. Kc7 Rb3 57. Rg5+ Kf7 58. Rh7+ Kf6 59. Rh6+ Kf7 60. d7 Rd1 61. Be5 Rxg3 
62. Rxg3 Rxd7+ 63. Kxd7 a6 64. Rf6# 1-0

[Event "Monday 16 April Rapid Engine Tour 12+1 Rounds 9 Starts 1600ST"]
[Site "Infinity Chess"]
[Date "2018.4.16"]
[Round "7"]
[White "star99"]
[Black "KhalidOmar"]
[Result "1-0"]
[ECO "B23"]
[WhiteElo "2416"]
[BlackElo "2467"]
[WhiteEngine "Cryptic Heroes 9.4B"]
[BlackEngine "Eman 1.70-beta21 64-bit BMI2"]
[EventType "Swiss"]
[WhiteTeam ""]
[BlackTeam ""]
[PlyCount "225"]
[TimeControl "720+1"]

1. e4 c5 2. Nc3 d6 3. Nge2 Nf6 4. d4 cxd4 5. Nxd4 a6 6. h3 e5 7. Nb3 Be7 
8. g4 h6 9. Be3 Nc6 10. Qd2 Be6 11. O-O-O b5 12. f4 exf4 13. Bxf4 Ne5 
14. Qg2 Bd7 15. Kb1 Rc8 16. Nd5 Nxd5 17. exd5 Bf6 18. Nd2 O-O 19. Ne4 Qe7 
20. Bd3 Bh4 21. Rhg1 f6 22. a3 a5 23. Bxe5 fxe5 24. Qd2 Ra8 25. Rdf1 Rxf1+ 
26. Rxf1 Be8 27. Qe2 Rb8 28. Nd2 g6 29. Nb3 b4 30. a4 Bxa4 31. Nxa5 Ra8 
32. Qe4 Be8 33. Nc6 Qb7 34. Qf3 Kh7 35. Qf8 Qc7 36. Bb5 Qb7 37. Bc4 Qc7 
38. Be2 e4 39. Bb5 e3 40. Bd3 Bg5 41. Be2 Bh4 42. Bc4 Qd7 43. Bd3 Qc7 
44. Rf3 Bg5 45. Bc4 Rc8 46. Rf1 Bh4 47. Ba6 Ra8 48. Bd3 Bg5 49. Rf3 Qd7 
50. Rxe3 Qf7 51. Qxf7+ Bxf7 52. Re2 Bxd5 53. Nxb4 Bf7 54. c3 Kg7 55. Nc6 Bf6 
56. Kc2 Ra1 57. Nd4 Be5 58. Be4 g5 59. Nf5+ Kf6 60. Ne3 Ke7 61. Nd5+ Kd7 
62. Rf2 Be6 63. Nb4 Re1 64. Bc6+ Ke7 65. Nd3 Re3 66. Nxe5 dxe5 67. Bg2 Bc4 
68. b3 Bf7 69. Bf1 Rg3 70. b4 e4 71. Re2 Kd6 72. c4 Be8 73. Rd2+ Kc7 74. b5 Rf3 
75. Bg2 Re3 76. Rf2 Kd6 77. Bf1 Kc5 78. Rf5+ Kb4 79. b6 Rc3+ 80. Kd2 e3+ 
81. Ke2 Bc6 82. b7 Bxb7 83. Rb5+ Kxc4 84. Rxb7 Kd4 85. Kf3 Rc1 86. Bg2 Ra1 
87. Rd7+ Ke5 88. Kxe3 Ra2 89. Rd5+ Ke6 90. Rd2 Ra1 91. Rd8 Ra6 92. Bd5+ Kf6 
93. Kd4 Ra4+ 94. Bc4 Kg7 95. Rd6 Rb4 96. Ra6 Rb1 97. Ke5 Rb7 98. Rd6 h5 
99. gxh5 Rb8 100. h6+ Kh7 101. Kf5 Rc8 102. Be6 Rf8+ 103. Kxg5 Re8 104. Rd7+ Kh8 
105. Bf7 Rc8 106. Re7 Rc5+ 107. Kf6 Rc6+ 108. Be6 Rc5 109. Re8+ Kh7 
110. Bf5+ Rxf5+ 111. Kxf5 Kxh6 112. Re7 Kh5 113. Rh7# 1-0

[Event "Monday 16 April Rapid Engine Tour 12+1 Rounds 9 Starts 1600ST"]
[Site "Infinity Chess"]
[Date "2018.4.16"]
[Round "7"]
[White "hafaba"]
[Black "HerzsjeMZ"]
[Result "1/2-1/2"]
[ECO "D31"]
[WhiteElo "2458"]
[BlackElo "2461"]
[WhiteEngine "Eman 1.70-beta21 64-bit POPCNT_CTG"]
[BlackEngine "S_XPrO.020418.64.POPCNT"]
[EventType "Swiss"]
[WhiteTeam ""]
[BlackTeam ""]
[PlyCount "63"]
[TimeControl "720+1"]

1. d4 d5 2. c4 e6 3. Nc3 c6 4. Nf3 Nf6 5. Bg5 h6 6. Bxf6 Qxf6 7. e3 Nd7 
8. Be2 Qd8 9. O-O Be7 10. Qc2 O-O 11. Rac1 a6 12. a3 b6 13. cxd5 cxd5 14. Na2 b5 
15. Nb4 Bd6 16. Nd3 Qe7 17. Nc5 Ra7 18. g3 Nb6 19. e4 Nc4 20. a4 dxe4 
21. Qxe4 Bxc5 22. dxc5 Qxc5 23. b3 Nd6 24. Qf4 Qa3 25. Ra1 Qb2 26. Bd3 Rd7 
27. Ne5 Rdd8 28. Nc6 Rd7 29. Nb8 Rdd8 30. Nc6 Rd7 31. Ne5 Rdd8 32. Nc6 1/2-1/2